 Dungeon Crawl Stone Soup version 0.26.0-57-g60708a5e39 (webtiles) character file.

Game seed: 11186283706743264186

899 Gauvater the Firebug (level 8, 0/50 HPs)
             Began as an Octopode Fire Elementalist on Feb 1, 2021.
             Was an Initiate of Vehumet.
             Slain by a yak (10 damage)
             ... on level 5 of the Dungeon.
             The game lasted 00:42:05 (7076 turns).

Gauvater the Firebug (Octopode Fire Elementalist)   Turns: 7076, Time: 00:42:06

Health: 0/50       AC:  1    Str:  7      XL:     8   Next: 7%
Magic:  12/14      EV: 13    Int: 17 (19) God:    Vehumet [......]
Gold:   175        SH:  0    Dex:  7 (13) Spells: 11/15 levels left

rFire    . . .     SeeInvis .   r - +2 hunting sling (vorpal)
rCold    . . .     Faith    .   (no shield)
rNeg     + . .     Spirit   .   (helmet restricted)
rPois    .         Reflect  .   (no amulet)
rElec    .         Harm     .   y - ring of resist corrosion
rCorr    +         Rampage  .   C - ring of positive energy
Will     .....                  (no ring)
Stlth    +++.......             (no ring)
HPRegen  0.16/turn              (no ring)
MPRegen  0.14/turn              (no ring)
                                (no ring)
                                (no ring)

@: about to teleport, very slightly contaminated
A: almost no armour, stealthy swim, amphibious, 8 rings, constrict 8, camouflage
1, gelatinous body 1
a: Renounce Religion


You were on level 5 of the Dungeon.
You worshipped Vehumet.
Vehumet was noncommittal.
You visited 2 branches of the dungeon, and saw 7 of its levels.
You also visited: Ossuary.

You collected 175 gold pieces.

Inventory:

Hand Weapons
 l - a +0 spear
 r - a +2 vorpal hunting sling (weapon)
Missiles
 n - 185 stones
 o - 58 bolts
 s - 58 sling bullets (quivered ammo)
 u - 4 boomerangs
 v - 19 poisoned darts
Armour
 d - a +0 buckler
Jewellery
 w - an uncursed ring of see invisible {unknown}
 y - a ring of resist corrosion (left tentacle)
 C - a ring of positive energy (right tentacle)
Wands
 x - a wand of flame (9)
Scrolls
 b - 6 scrolls of identify {unknown}
 g - 5 scrolls of enchant armour {unknown}
 h - 3 scrolls of teleportation
 i - a scroll of immolation {unknown}
 k - a scroll of magic mapping {unknown}
 m - 6 scrolls of remove curse {unknown}
 q - a scroll of noise {unknown}
 t - 2 scrolls of amnesia {unknown}
 E - a scroll of blinking {unknown}
Potions
 a - a potion of haste
 c - 2 potions of magic {unknown}
 e - a potion of cancellation {unknown}
 f - 2 potions of might
 j - a potion of invisibility {unknown}
 p - a potion of lignification {unknown}
 z - a potion of mutation {unknown}
 A - 3 potions of brilliance {unknown}
 B - a potion of resistance {unknown}
 D - a potion of attraction {unknown}


   Skills:
 + Level 2.0 Fighting
 + Level 3.8 Slings
 - Level 2.0 Dodging
 - Level 2.7 Stealth
 * Level 3.3 Shields
 + Level 4.0 Spellcasting
 + Level 3.7 Conjurations
 + Level 4.7 Fire Magic


You had 11 spell levels left.
You knew the following spells:

 Your Spells              Type           Power        Failure   Level
a - Foxfire               Conj/Fire      68%          2%          1
b - Conjure Flame         Conj/Fire      17%          9%          3

Your spell library contained the following spells:

 Spells                   Type           Power        Failure   Level
 Inner Flame              Hex/Fire       11%          19%         3
 Sticky Flame             Conj/Fire      17%          28%         4
 Fireball                 Conj/Fire      8%           61%         5


Dungeon Overview and Level Annotations

Branches:
Dungeon (6/15)             Temple (1/1) D:5         Ossuary (visited)

Altars:
Cheibriados
Dithmenos
Gozag
Okawaru
Qazlal
Sif Muna
Vehumet
Xom

Shops:
D:4 :


Innate Abilities, Weirdness & Mutations

You cannot wear most types of armour.
You are very stealthy in the water. (Stealth+)
You are amphibious.
You can wear up to eight rings at the same time.
You can use your tentacles to constrict eight enemies at once.
Your skin changes colour to match your surroundings (Stealth+).
Your rubbery body absorbs attacks. (AC +1, EV +1)


Message History

The foxfire hits the yak.
The yak is moderately wounded.
The yak gores you. x2
Unknown command.
Casting: Foxfire (safe; 2% risk of failure)
Confirm with . or Enter, or press ? or * to list all spells.
You miscast Foxfire.
You are very lightly contaminated with residual magic.
Nothing appears to happen.
A yak comes into view.
The yak gores you! The yak completely misses you.
You climb upwards.
There is a stone staircase leading down here.
As you read the scroll of teleportation, it crumbles to dust.
You feel strangely unstable. The yak gores you!
* * * LOW HITPOINT WARNING * * *
The yak misses you. The yak gores you!
You die...

#...#.# #####.P.P......
#...#.# ####.##.....
#####.#######P#...#P....
##.##........>.......
#..###....P#...#P....
##.####...####.##.....
##..##...#####P.P.).###
#..###............### #
#.###.@####...#########
#.#..YY####..##........
#.#......#...##........
#.#..........##........
#.#.._...#.####........
#.#........# #.....)..
#.#.....#### #########
#.......# # ######### #


You could see 2 yaks.

Vanquished Creatures
  Eustachio (D:5)
  A sky beast (D:3)
  A bullfrog (D:3)
  3 water moccasin zombies (Ossuary)
  A scorpion (D:5)
  A hound (D:5)
  An orc wizard (D:3)
  Terence (D:3)
  3 worker ants
  3 big kobold zombies (Ossuary)
  2 mummies (Ossuary)
  4 adders
  A white imp (D:3)
  An ufetubus (D:5)
  6 adder zombies (Ossuary)
  2 worms (D:3)
  2 dart slugs (D:3)
  5 leopard geckos
  4 orcs (D:3)
  3 giant cockroaches (D:1)
  2 gnoll zombies (Ossuary)
  9 hobgoblins
  2 jackals (D:3)
  11 kobolds
  A quokka (D:4)
  3 ball pythons
  3 bats
  2 frilled lizards
  9 goblins
  4 hobgoblin zombies (Ossuary)
  3 kobold zombies (Ossuary)
  6 orc zombies (Ossuary)
  A quokka skeleton (D:5)
  8 rats
110 creatures vanquished.

Vanquished Creatures (others)
  372 foxfires
372 creatures vanquished.

Grand Total: 482 creatures vanquished

Notes
Turn   | Place    | Note
-------+----------+-------------------------------------------
     0 | D:1      | Gauvater the Octopode Fire Elementalist began the quest for
                  | the Orb.
     0 | D:1      | Reached XP level 1. HP: 11/11 MP: 3/3
   145 | D:1      | Reached XP level 2. HP: 14/17 MP: 0/5
   777 | D:1      | Reached XP level 3. HP: 21/21 MP: 4/6
  1723 | D:2      | Found a stormy altar of Qazlal.
  2004 | D:2      | Reached XP level 4. HP: 24/27 MP: 4/8
  2280 | D:3      | Found a faded altar of an unknown god.
  2303 | D:3      | Reached skill level 1 in Shields
  2534 | D:3      | Reached XP level 5. HP: 32/32 MP: 6/9
  2825 | D:3      | Reached skill level 1 in Slings
  3162 | D:3      | Noticed Terence
  3172 | D:3      | Killed Terence
  3173 | D:3      | Reached XP level 6. HP: 27/37 MP: 3/10
  3177 | D:3      | Learned a level 3 spell: Conjure Flame
  3324 | D:3      | Noticed a sky beast
  3346 | D:3      | Killed a sky beast
  3347 | D:3      | Reached skill level 1 in Fighting
  3531 | D:3      | Found a shimmering blue altar of Sif Muna.
  3690 | D:3      | Found a snail-covered altar of Cheibriados.
  3958 | D:4      | Found Ydwuon's Book Shop.
  4765 | D:5      | Entered Level 5 of the Dungeon
  4765 | D:5      | Found a sand-covered staircase.
  4775 | D:5      | Noticed Eustachio
  4780 | Ossuary  | Entered an ossuary
  5004 | Ossuary  | Reached XP level 7. HP: 13/43 MP: 3/12
  5783 | Ossuary  | HP: 1/43 [gnoll zombie (3)]
  6409 | D:5      | Killed Eustachio
  6600 | D:5      | Reached XP level 8. HP: 33/50 MP: 6/14
  6811 | D:5      | Found a staircase to the Ecumenical Temple.
  6824 | Temple   | Entered the Ecumenical Temple
  6852 | Temple   | Became a worshipper of Vehumet
  6881 | D:5      | Found a shimmering altar of Xom.
  7063 | D:6      | Noticed a yak
  7072 | D:6      | Noticed a yak
  7076 | D:5      | Slain by a yak

Illustrated notes

Levels and vault maps discovered:
D:1:      zaba_arrival_water, layout_loops_ring, minmay_heptomino_w4
D:2:      layout_loops_ring, nicolae_qazlal_general_emergency,
          serial_park_tiny_2
D:3:      layout_basic, lemuel_blue_sif_altar, marbit_many_paths,
          nicolae_overflow_hidden_temple, chequers_ecumenical_altar_island,
          hangedman_abyss_or_decor_lesser_grid, uniq_terence
D:4:      layout_loops_ring, serial_shops, nicolae_shop_behind_doors
D:5:      layout_rooms, minmay_temple_entry_gardened_gates,
          nicolae_ossuary_entry_ruins, basic_altar, uniq_eustachio
D:6:      lemuel_ratsnest, layout_basic, tso_oasis_becter, minmay_small_thing
Temple:   jpeg_temple_clearing

Skill      XL: |  1  2  3  4  5  6  7 |
---------------+----------------------+-----
Conjurations   | 2 3 |  3.7
Shields        | 1 2 3 |  3.3
Spellcasting   | 3 4 |  4.0
Slings         | 1 2 3 |  3.8
Fire Magic     | 4 |  4.7
Fighting       | 1 2 |  2.0
Dodging        | |  2.0
Stealth        | |  2.7

Action                   |  1- 3 |  4- 6 |  7- 9 || total
-------------------------+-------+-------+-------++-------
Melee: Unarmed           |     9 |       |       ||     9
       Constrict         |     2 |       |     1 ||     3
       Spear             |       |       |     4 ||     4
       Tentacles         |       |       |     1 ||     1
 Fire: Hunting sling     |     5 |    53 |    33 ||    91
Throw: Stone             |     1 |       |       ||     1
       Dart              |       |       |     1 ||     1
       Throwing net      |       |       |     1 ||     1
 Cast: Foxfire           |    54 |    83 |    70 ||   207
Evoke: Wand              |       |       |     1 ||     1
  Use: Potion            |       |       |     4 ||     4
       Scroll            |       |       |     3 ||     3
Armor: Skin              |       |     2 |     4 ||     6
Dodge: Dodged            |    16 |    36 |    41 ||    93
Block: Buckler           |     1 |    13 |    10 ||    24
